 Dungeon Crawl Stone Soup version 0.30-a0-341-g682706514a (webtiles) character file.

Game seed: 4666279767880945767

1531 RascalDebosk the Magician (level 9, -9/56 (65) HPs)
             Began as a Djinni Venom Mage on Nov 2, 2022.
             Mangled by an ice beast (12 damage)
             ... on level 6 of the Dungeon.
             The game lasted 01:27:01 (5912 turns).

RascalDebosk the Magician (Djinni Venom Mage)       Turns: 5912, Time: 01:27:02

HP:   -9/56 (65)    AC:  5    Str:  7    XL:     9   Next: 10%
Gold: 399           EV: 16    Int: 21    God:
                    SH:  0    Dex: 26

rFire   + + .      SeeInvis +    F - +1 falchion
rCold   x . .      Faith    .    (no shield)
rNeg    . . .      Spirit   .    H - +1 robe
rPois   ∞          Reflect  .    m - +1 helmet {SInv}
rElec   .          Harm     .    (no cloak)
rCorr   .          Rampage  .    (no gloves)
Will    .....                    (boots unavailable)
Stlth   +++.......               (no amulet)
HPRegen 0.29/turn                y - +6 ring of dexterity
MPRegen 0.00/turn                u - +6 ring of dexterity

@: flying, heavily drained
A: sickness immunity, fire resistance 2, cold vulnerability 1, float, innate
caster, HP casting, extra vitality 1
a: no special abilities


You were on level 6 of the Dungeon.
You visited 2 branches of the dungeon, and saw 7 of its levels.
You also visited: Sewer and Ossuary.

You collected 399 gold pieces.

Inventory:

Hand Weapons
 r - a +0 flail
 s - a +0 dagger
 F - a +1 falchion (weapon)
 J - a +0 dagger of flaming
Missiles
 D - 2 throwing nets {@!f}
Armour
 a - a +0 robe
 m - a +1 helmet of see invisible (worn)
 z - a +0 leather armour
 H - a +1 robe (worn)
Magical Staves
 j - a staff of cold
Jewellery
 k - a ring of protection from fire
 u - a +6 ring of dexterity (right hand)
 y - a +6 ring of dexterity (left hand)
 C - a ring of wizardry
Wands
 v - a wand of acid (4)
 x - a wand of polymorph (9)
Scrolls
 e - a scroll of butterflies
 h - a scroll of fear
 i - a scroll of immolation {unknown}
 o - a scroll of blinking {unknown}
 q - a scroll of enchant armour {unknown}
 t - 4 scrolls of teleportation
 w - a scroll of enchant weapon
 B - 2 scrolls of torment {unknown}
 E - 2 scrolls of identify {unknown}
 I - a scroll of vulnerability {unknown}
Potions
 b - 2 potions of might {unknown}
 c - a potion of attraction {unknown}
 d - 2 potions of berserk rage
 f - 2 potions of flight {unknown}
 g - a potion of degeneration {unknown}
 l - 2 potions of cancellation {unknown}
 n - a potion of heal wounds
 p - 5 potions of curing
 A - 3 potions of lignification {unknown}
 G - 2 potions of mutation {unknown}


   Skills:
 + Level 5.1 Fighting
 + Level 0.9 Armour
 - Level 5.0 Dodging
 - Level 1.5 Stealth
 * Level 6.8 Spellcasting


You had 2 spell levels left.
You knew the following spells:

 Your Spells              Type           Power      Damage    Failure   Level
a - Sting                 Tmut/Pois      100%       1d8       1%          1
b - Poisonous Vapours     Pois/Air       70%        N/A       1%          2
c - Mephitic Cloud        Conj/Pois/Air  35%        N/A       1%          3
d - Olgreb's Toxic Radia  Pois           35%        N/A       5%          4
e - Kiss of Death         Conj/Necr      100%       2d13      1%          1
f - Blink                 Tloc           70%        N/A       1%          2
g - Swiftness             Air            35%        N/A       1%          3
h - Hailstorm             Conj/Ice       35%        3d9       1%          3
Your spell library was empty.

Dungeon Overview and Level Annotations

Branches:
Dungeon (6/15)             Temple (1/1) D:4           Sewer (visited)
Ossuary (visited)

Altars:
Cheibriados
Dithmenos
Fedhas
Hepliaklqana
Nemelex Xobeh
Okawaru
Trog
Uskayaw
Wu Jian
Yredelemnul
Zin

Annotations:
D:4 3 runed translucent doors, Muataran's ghost, amateur HOFi


Innate Abilities, Weirdness & Mutations

You are immune to sickness and miasma.
You are immune to poison.
Your flesh is very heat resistant. (rF++)
You are vulnerable to cold. (rC-)
You float through the air rather than walking.
You learn spells naturally, not from books.
Your magical power is your life essence.
You have superior vitality. (+4 MHP)


Message History

Press: ? - help, Dir - move target, f/p - iguana
Aim: an iguana (very poisoned) Poisonous vapours surround the iguana!
The iguana looks as sick as possible!
You hit the iguana.
You kill the iguana!
HP restored.
Things that are here:
a +0 spear; a gnoll corpse
Things that are here:
a +0 club; a +2 leather armour of cold resistance You see here a +0 flail.
Things that are here:
a +0 club; a gnoll corpse A gnoll comes into view.
It is wielding a +0 club.
Found 5 gold pieces.
A gnoll comes into view. It is wielding a +0 flail.
Found a rapier. 2 gnolls come into view.
The gnoll shouts! x3
The gnoll hits you but does no damage.
You see here 5 gold pieces.
You slash the gnoll!
The gnoll is almost dead.
The gnoll misses you.
Casting: Poisonous Vapours (safe; 1% risk of failure)
Confirm with . or Enter, or press ? or * to list all spells.
You begin to radiate toxic energy.
The gnoll is poisoned. x3
You kill the gnoll!
The gnoll looks even sicker.
The gnoll closely misses you.
Unknown command.
Casting: Olgreb's Toxic Radiance (dangerous; 5% risk of failure)
Confirm with . or Enter, or press ? or * to list all spells.
Your toxic radiance grows in intensity.
The gnoll looks even sicker. x2
The gnoll looks as sick as possible!
The gnoll barely misses you.
Casting: Olgreb's Toxic Radiance (dangerous; 5% risk of failure)
Confirm with . or Enter, or press ? or * to list all spells.
Your toxic radiance grows in intensity.
The gnoll looks as sick as possible!
The gnoll looks even sicker.
You kill the gnoll! x2
The gnoll hits you with a +0 club.
Casting: Olgreb's Toxic Radiance (dangerous; 5% risk of failure)
Confirm with . or Enter, or press ? or * to list all spells.
Your toxic radiance grows in intensity.
The gnoll looks as sick as possible!
The gnoll closely misses you.
You barely miss the gnoll.
The gnoll is almost dead.
You kill the gnoll!
Things that are here:
a +0 club; a gnoll corpse You start resting.
Your toxic aura wanes.
You see here a +0 flail.
You now have 385 gold pieces (gained 5).
You see here a +0 spear.
Things that are here:
a +0 whip; a gnoll corpse HP restored.
You now have 399 gold pieces (gained 14).
An adder comes into view.
Found 15 gold pieces and 8 stones.
Casting: Olgreb's Toxic Radiance (dangerous; 5% risk of failure)
Confirm with . or Enter, or press ? or * to list all spells.
Aiming: Mephitic Cloud (safe; 1% risk of failure)
Press: ? - help, Shift-Dir - straight line The ball explodes into a vile cloud!
The stinking cloud engulfs the adder but does no damage.
You hear a shout!
You hear an angry hiss.
You hear a bark!
A hound comes into view.
The adder is engulfed in noxious fumes.
The adder appears confused.
An ice beast comes into view. x2
You barely miss the ice beast. The ice beast hits you.
The ice beast freezes you!!
You feel a terrible chill! The ice beast attacks as you move away!
The ice beast hits you but does no damage.
The hound is engulfed in noxious fumes.
The hound appears confused.
Casting: Mephitic Cloud (safe; 1% risk of failure)
Confirm with . or Enter, or press ? or * to list all spells.
Aiming: Kiss of Death (safe; 1% risk of failure)
Press: ? - help, Shift-Dir - straight line, f - ice beast
Aim: an ice beast (100% to hit)
The negative energy hits the ice beast!
The ice beast is drained!
The ice beast is heavily wounded.
You feel drained. The ice beast completely misses you.
You closely miss the ice beast.
The ice beast is heavily wounded.
The ice beast hits you. The ice beast freezes you.
You feel a terrible chill! The ice beast closely misses you.
You hit the ice beast.
The ice beast is severely wounded.
The ice beast closely misses you. The ice beast hits you.
The ice beast freezes you!
You feel a terrible chill!
* * * LOW HITPOINT WARNING * * *
The ice beast hits you.
* * * LOW HITPOINT WARNING * * *
The ice beast freezes you!!
You feel a terrible chill!
* * * LOW HITPOINT WARNING * * *
The ice beast hits you.
* * * LOW HITPOINT WARNING * * *
The ice beast freezes you!
You feel a terrible chill!
You die...

. #.# .#
h######.########
#.#
................
#.#
#.#####.########
#h# #.# ##...##
#$# #.# #.....#
#.##.###....##
#.#Y#...#.##
#.Y@.###.#
#..#### #.#
....## #+# #####


You could see 2 ice beasts and a hound (confused).

Vanquished Creatures
  A water moccasin (Sewer)
  An ogre (D:5)
  A centaur (D:5)
  Blork the orc (D:4)
  A bullfrog (D:6)
  A gnoll sergeant (D:4)
  A necrophage (D:5)
  3 scorpions
  A hound (D:5)
  2 orc priests (D:5)
  A gnoll bouda (D:6)
  5 iguanas
  Natasha (thrice) (D:2)
  6 orc wizards
  2 mummies
  12 gnolls
  11 adders
  A river rat (D:3)
  A white imp (D:4)
  4 dart slugs
  15 orcs
  7 endoplasms
  6 giant cockroaches
  7 goblins
  8 hobgoblins
  3 jackals (D:2)
  2 kobolds
  3 quokkas
  11 ball pythons
  9 bats
  2 frilled lizards
  A hobgoblin zombie (D:4)
  3 orc zombies (D:4)
  10 rats
146 creatures vanquished.

Vanquished Creatures (others)
  4 fungi (D:4)
  2 withered plants (Ossuary)
6 creatures vanquished.

Grand Total: 152 creatures vanquished

Notes
Turn   | Place    | Note
-------+----------+-------------------------------------------
     0 | D:1      | RascalDebosk the Djinni Venom Mage began the quest for the
                  | Orb.
     0 | D:1      | RascalDebosk set off with the following spells memorised:
                  | Sting, Poisonous Vapours, Mephitic Cloud, Olgreb's Toxic
                  | Radiance.
     0 | D:1      | Reached XP level 1. HP: 15/15 MP: 0/0
    88 | D:1      | Reached XP level 2. HP: 17/21 MP: 0/0
   183 | D:1      | Reached skill level 3 in Spellcasting
   401 | D:1      | Reached XP level 3. HP: 13/25 MP: 0/0
   401 | D:1      | Learned a level 1 spell: Kiss of Death
   938 | D:2      | Noticed Natasha
   943 | D:2      | Killed Natasha
   944 | D:2      | Reached XP level 4. HP: 15/31 MP: 0/0
  1230 | D:2      | Noticed Natasha
  1237 | D:2      | Killed Natasha
  1238 | D:2      | Reached skill level 4 in Spellcasting
  1238 | D:2      | Reached XP level 5. HP: 8/36 MP: 0/0
  1238 | D:2      | Learned a level 2 spell: Blink
  1370 | D:2      | Found a faded altar of an unknown god.
  1449 | D:2      | Noticed Natasha
  1456 | D:2      | Killed Natasha
  1457 | D:2      | Reached skill level 1 in Fighting
  1962 | D:3      | Found a glowing drain.
  1966 | Sewer    | Entered a sewer
  2015 | Sewer    | Noticed a water moccasin
  2029 | Sewer    | Killed a water moccasin
  2030 | Sewer    | Reached XP level 6. HP: 6/43 MP: 0/0
  2427 | D:3      | Reached skill level 5 in Spellcasting
  3201 | D:3      | Reached XP level 7. HP: 42/49 MP: 0/0
  3201 | D:3      | Learned a level 3 spell: Swiftness
  3514 | D:4      | Found a runed translucent gate.
  3514 | D:4      | Found a runed translucent gate.
  3514 | D:4      | Found a runed translucent gate.
  3526 | D:4      | Noticed Muataran's ghost (amateur HOFi)
  3634 | D:4      | Noticed Blork the orc
  3641 | D:4      | Killed Blork the orc
  4129 | D:4      | Found a staircase to the Ecumenical Temple.
  4136 | Temple   | Entered the Ecumenical Temple
  4235 | D:5      | Entered Level 5 of the Dungeon
  4258 | D:5      | Reached XP level 8. HP: 33/56 MP: 0/0
  4419 | D:5      | Found a sand-covered staircase.
  4423 | Ossuary  | Entered an ossuary
  4620 | D:5      | Reached skill level 6 in Spellcasting
  5577 | D:6      | Reached XP level 9. HP: 57/64 MP: 0/0
  5577 | D:6      | Learned a level 3 spell: Hailstorm
  5691 | D:6      | Reached skill level 5 in Dodging
  5699 | D:6      | Reached skill level 5 in Fighting
  5912 | D:6      | Mangled by an ice beast

Illustrated notes

Levels and vault maps discovered:
D:1:      enne_arrival_octagon_isle, layout_loops_ring, reono_crystal_passage
D:2:      layout_rooms, ebering_ecumenical_altar_hall, uniq_natasha
D:3:      layout_loops_ring, gup_sewer_entry_spiral, grunt_ministairs_15
D:4:      layout_basic, minmay_temple_entry_enclosed_plants,
          gammafunk_ghost_nasty_kobolds, hangedman_abyss_or_decor_stabs,
          nrook_uturn, minmay_mini_ossuary, uniq_blork_the_orc
D:5:      layout_loops_ring, mainiacjoe_overflow_paths, enter_ossuary_5
D:6:      layout_loops_corners, minmay_overflow_temple_hex, minmay_circle_x
Temple:   nicolae_temple_x_marks_the_god

Skill      XL: |  1  2  3  4  5  6  7  8  9 |
---------------+----------------------------+-----
Spellcasting   | 3 4 5 6 |  6.8
Fighting       | 2 3 4 5 |  5.1
Dodging        | 3 4 5 |  5.0
Armour         | |  0.9
Stealth        | |  1.5

Action                   |  1- 3 |  4- 6 |  7- 9 || total
-------------------------+-------+-------+-------++-------
Melee: Dagger            |       |    18 |    35 ||    53
       Punch             |       |     1 |       ||     1
       Flail             |       |    18 |       ||    18
       Staff             |       |    10 |       ||    10
       Falchion          |       |       |    59 ||    59
 Cast: Sting             |    44 |    26 |    16 ||    86
       Poisonous Vapours |    20 |    87 |    46 ||   153
       Olgreb's Toxic Ra |       |     6 |    22 ||    28
       Mephitic Cloud    |       |     2 |    12 ||    14
       Kiss of Death     |       |     1 |     1 ||     2
       Blink             |       |       |     1 ||     1
       Swiftness         |       |       |     1 ||     1
  Use: Scroll            |       |       |     4 ||     4
 Stab: Sleeping          |       |     1 |     1 ||     2
       Confused          |       |     1 |     6 ||     7
Armor: Robe              |     3 |    22 |    23 ||    48
Dodge: Dodged            |    13 |    51 |    60 ||   124

Table legend: (Time is in decaauts)
 A = Elapsed time spent in this place.
 B = Non-inter-level travel time spent in this place.
 C = Inter-level travel time spent in this place.
 D = Time resting spent in this place.
 E = Time spent auto-exploring this place.
 F = Levels seen in this place.
 G = Mean time per level.
                   A        B        C        D        E       F      G
               +--------+--------+--------+--------+--------+-----+--------+
         Total |   5934 |   5749 |    185 |   1451 |   2175 |   9 |  659.3 |
       Dungeon |   5572 |   5387 |    185 |   1283 |   2115 |   6 |  928.7 |
        Temple |     73 |     73 |      0 |      0 |     60 |   1 |   73.0 |
         Sewer |    247 |    247 |      0 |    163 |      0 |   1 |  247.0 |
       Ossuary |     40 |     40 |      0 |      5 |      0 |   1 |   40.0 |
               +--------+--------+--------+--------+--------+-----+--------+

Top non-repeatable levels by time:
     D:5: 1239 daAuts
     D:3: 1170 daAuts
     D:2: 955 daAuts
     D:1: 938 daAuts
     D:4: 883 daAuts
     D:6: 385 daAuts
   Sewer: 247 daAuts
  Temple: 73 daAuts
 Ossuary: 40 daAuts
